3AAA
HIALEAH DODOS @ BLOOMINGTON LONGNECKS
06/05/2029
 
TOP OF THE 1ST
Hialeah Dodos batting - Pitching for Bloomington Longnecks : RHP Jorge Otero
Pitching: RHP Jorge Otero
Batting: RHB Jorge Salgado 0-0: Ball
1-0: Swinging Strike
1-1: Called Strike
1-2: Foul Ball, location: 2F
1-2: Ball
2-2: Foul Ball, location: 2F
2-2: Foul Ball, location: 2F
2-2: Strikes out looking
Batting: LHB Curt Wilson 0-0: Called Strike
0-1: SINGLE (Groundball, 4) (infield hit)
Batting: LHB Raúl Aguirre 0-0: Ball
1-0: Ball
2-0: Swinging Strike
2-1: Ball
3-1: Called Strike
3-2: Base on Balls
Curt Wilson to second
Batting: LHB Errol Levick 0-0: Foul Ball, location: 2F
0-1: Ball
1-1: Foul Ball, location: 2F
1-2: Ball
2-2: Foul Ball, location: 2F
2-2: Strikes out swinging
Batting: SHB Javier Gonzáles 0-0: SINGLE (Line Drive, 8LS)
Curt Wilson to third
Raúl Aguirre to second
Throwing error, E8
Curt Wilson scores
Raúl Aguirre to third
Javier Gonzáles to second
Batting: RHB Aurelio Álvarez 0-0: SINGLE (Groundball, 34D)
Raúl Aguirre scores
Javier Gonzáles to third
Runner from 3rd tries for Home, SAFE, no throw
Batting: RHB Reg Spiers 0-0: Ball
1-0: Called Strike
1-1: Fly out, F7 (Flyball, 7)
Top of the 1st over - 3 runs, 3 hits, 1 error, 1 left on base; Hialeah 3 - Bloomington 0
BOTTOM OF THE 1ST
Bloomington Longnecks batting - Pitching for Hialeah Dodos : LHP Gabriel Herrera
Pitching: LHP Gabriel Herrera
Batting: RHB Nelson Jaramillo 0-0: Foul Ball, location: 2F
0-1: SINGLE (Line Drive, 78M)
Batting: RHB Darrell Terwey 0-0: Called Strike
0-1: Ball
1-1: Called Strike
1-2: Ball
2-2: Foul Ball, location: 2F
2-2: Ball
3-2: Base on Balls
Nelson Jaramillo to second
Batting: LHB Daniel Faraday 0-0: Ball
1-0: Fielders Choice at 2nd, 3-6 (Groundball, 3)
Nelson Jaramillo to third
Batting: LHB Arturo Acevedo 0-0: Ball
1-0: Called Strike
Daniel Faraday steals 2nd base
1-1: Foul Ball, location: 2F
1-2: Strikes out swinging
Batting: LHB Ray Anderson 0-0: Ball
1-0: Called Strike
1-1: Fly out, F8 (Flyball, 8RD)
Bottom of the 1st over - 0 runs, 1 hit, 0 errors, 2 left on base; Hialeah 3 - Bloomington 0
TOP OF THE 2ND
Hialeah Dodos batting - Pitching for Bloomington Longnecks : RHP Jorge Otero
Batting: RHB Owen Cannon 0-0: Called Strike
0-1: Ball
1-1: Ball
2-1: Ball
3-1: Fly out, F8 (Flyball, 8LM)
Batting: RHB Jack Head 0-0: Ball
1-0: Called Strike
1-1: Ball
2-1: Foul Ball, location: 2F
2-2: Foul Ball, location: 2F
2-2: Strikes out swinging
Batting: RHB Jorge Salgado 0-0: Ball
1-0: Swinging Strike
1-1: Foul Ball, location: 2F
1-2: Ball
2-2: Ball
3-2: Foul Ball, location: 2F
3-2: Fly out, F9 (Flyball, 9S)
Top of the 2nd over - 0 runs, 0 hits, 0 errors, 0 left on base; Hialeah 3 - Bloomington 0
BOTTOM OF THE 2ND
Bloomington Longnecks batting - Pitching for Hialeah Dodos : LHP Gabriel Herrera
Batting: RHB Toussiant L'Ouverture 0-0: Ground out 5-3 (Groundball, 56S)
Batting: RHB Carlos Cardona 0-0: Ball
1-0: Fly out, F6 (Line Drive, 56)
Batting: LHB Keith Alexander 0-0: Fly out, F6 (Popup, 6M)
Bottom of the 2nd over - 0 runs, 0 hits, 0 errors, 0 left on base; Hialeah 3 - Bloomington 0
TOP OF THE 3RD
Hialeah Dodos batting - Pitching for Bloomington Longnecks : RHP Jorge Otero
Batting: LHB Curt Wilson 0-0: SINGLE (Groundball, 4D)
Batting: LHB Raúl Aguirre 0-0: Ball
1-0: Swinging Strike
1-1: Swinging Strike
1-2: Strikes out swinging
Batting: LHB Errol Levick 0-0: Ball
1-0: Ball
2-0: Foul Ball, location: 2F
2-1: Foul Ball, location: 2F
2-2: Foul Ball, location: 2F
2-2: Foul Ball, location: 2F
2-2: Grounds into double play, 4-6-3 (Groundball, 4)
Top of the 3rd over - 0 runs, 1 hit, 0 errors, 0 left on base; Hialeah 3 - Bloomington 0
BOTTOM OF THE 3RD
Bloomington Longnecks batting - Pitching for Hialeah Dodos : LHP Gabriel Herrera
Batting: RHB Mark Smiley 0-0: Called Strike
0-1: Foul Ball, location: 2F
0-2: Foul Ball, location: 2F
0-2: Fly out, F9 (Flyball, 9S)
Batting: RHB Nelson Jaramillo 0-0: Ball
1-0: Ball
2-0: Foul Ball, location: 2F
2-1: Fly out, F7 (Flyball, 78M)
Batting: RHB Darrell Terwey 0-0: Ball
1-0: Fly out, F2 (Popup, 3SF)
Bottom of the 3rd over - 0 runs, 0 hits, 0 errors, 0 left on base; Hialeah 3 - Bloomington 0
TOP OF THE 4TH
Hialeah Dodos batting - Pitching for Bloomington Longnecks : RHP Jorge Otero
Batting: SHB Javier Gonzáles 0-0: Foul Ball, location: 2F
0-1: Ball
1-1: Called Strike
1-2: Fly out, F1 (Line Drive, 13)
Batting: RHB Aurelio Álvarez 0-0: Foul Ball, location: 2F
0-1: Swinging Strike
0-2: Hit by Pitch
Batting: RHB Reg Spiers 0-0: Ball
1-0: Ball
2-0: Foul Ball, location: 2F
2-1: Called Strike
2-2: Fly out, F8 (Flyball, 8RD)
Batting: RHB Owen Cannon 0-0: Called Strike
0-1: Ball
Wild Pitch!
Aurelio Álvarez to second
1-1: Ball
2-1: Ball
3-1: Base on Balls
Batting: RHB Jack Head 0-0: Called Strike
0-1: Foul Ball, location: 2F
0-2: Foul Ball, location: 2F
0-2: Ball
1-2: Strikes out swinging
Top of the 4th over - 0 runs, 0 hits, 0 errors, 2 left on base; Hialeah 3 - Bloomington 0
BOTTOM OF THE 4TH
Bloomington Longnecks batting - Pitching for Hialeah Dodos : LHP Gabriel Herrera
Batting: LHB Daniel Faraday 0-0: Ball
1-0: Foul Ball, location: 2F
1-1: Swinging Strike
1-2: Ball
2-2: Ball
3-2: DOUBLE (Line Drive, 7LM)
Batting: LHB Arturo Acevedo 0-0: Called Strike
0-1: Ball
1-1: Called Strike
1-2: Ball
2-2: Strikes out swinging
Batting: LHB Ray Anderson 0-0: Ball
1-0: Called Strike
1-1: Ball
2-1: Ball
3-1: Foul Ball, location: 2F
3-2: Foul Ball, location: 2F
3-2: Ground out 5-3 (Groundball, 5L)
Batting: RHB Toussiant L'Ouverture 0-0: Swinging Strike
0-1: Ball
1-1: Ball
2-1: SINGLE (Line Drive, 8LS)
Daniel Faraday to third
Batting: RHB Carlos Cardona 0-0: Swinging Strike
0-1: Foul Ball, location: 2F
0-2: Ball
1-2: SINGLE (Groundball, 3D)
Daniel Faraday scores
Toussiant L'Ouverture to second
Runner from 2nd tries for 3rd, SAFE, no throw
Batting: LHB Keith Alexander 0-0: Ball
1-0: Foul Ball, location: 2F
1-1: Ball
2-1: Swinging Strike
2-2: Strikes out looking
Bottom of the 4th over - 1 run, 3 hits, 0 errors, 2 left on base; Hialeah 3 - Bloomington 1
TOP OF THE 5TH
Hialeah Dodos batting - Pitching for Bloomington Longnecks : RHP Jorge Otero
Batting: RHB Jorge Salgado 0-0: Foul Ball, location: 2F
0-1: Foul Ball, location: 2F
0-2: Ground out 1-3 (Groundball, 15S)
Batting: LHB Curt Wilson 0-0: Called Strike
0-1: SINGLE (Groundball, 23) (infield hit)
Batting: LHB Raúl Aguirre 0-0: Foul Ball, location: 2F
0-1: Ball
1-1: Ball
2-1: Ball
3-1: Called Strike
3-2: Base on Balls
Curt Wilson to second
Batting: LHB Errol Levick 0-0: DOUBLE (Groundball, 3L)
Curt Wilson scores
Raúl Aguirre to third
Runner from 3rd tries for Home, SAFE, no throw
Batting: SHB Javier Gonzáles 0-0: Called Strike
0-1: Ball
1-1: Foul Ball, location: 2F
1-2: Strikes out swinging
Batting: RHB Aurelio Álvarez 0-0: Ball
1-0: SINGLE (Line Drive, 4MD)
Errol Levick to third
Batting: RHB Reg Spiers 0-0: Fly out, F8 (Flyball, 8LD)
Top of the 5th over - 2 runs, 3 hits, 0 errors, 2 left on base; Hialeah 5 - Bloomington 1
BOTTOM OF THE 5TH
Bloomington Longnecks batting - Pitching for Hialeah Dodos : LHP Gabriel Herrera
Batting: RHB Mark Smiley 0-0: Called Strike
0-1: Swinging Strike
0-2: Ball
1-2: Ball
2-2: Ball
3-2: Strikes out swinging
Batting: RHB Nelson Jaramillo 0-0: Ball
1-0: Fly out, F5 (Line Drive, 56)
Batting: RHB Darrell Terwey 0-0: Ball
1-0: Called Strike
1-1: Ball
2-1: Ball
3-1: Ground out U3 (Groundball, 34)
Bottom of the 5th over - 0 runs, 0 hits, 0 errors, 0 left on base; Hialeah 5 - Bloomington 1
TOP OF THE 6TH
Hialeah Dodos batting - Pitching for Bloomington Longnecks : RHP Jorge Otero
Batting: RHB Owen Cannon 0-0: Ball
1-0: Foul Ball, location: 2F
1-1: Ball
2-1: SINGLE (Line Drive, 6MD)
Batting: RHB Jack Head 0-0: Ball
1-0: Foul Ball, location: 2F
1-1: Ball
2-1: Grounds into double play, 6-4-3 (Groundball, 6)
Batting: RHB Jorge Salgado 0-0: Swinging Strike
0-1: Ball
1-1: Foul Ball, location: 2F
1-2: Foul Ball, location: 2F
1-2: Ball
2-2: Hit by Pitch
Batting: LHB Curt Wilson 0-0: Ground out 4-3 (Groundball, 4)
Top of the 6th over - 0 runs, 1 hit, 0 errors, 1 left on base; Hialeah 5 - Bloomington 1
BOTTOM OF THE 6TH
Bloomington Longnecks batting - Pitching for Hialeah Dodos : LHP Gabriel Herrera
Batting: LHB Daniel Faraday 0-0: Ball
1-0: Ball
2-0: Called Strike
2-1: Ball
3-1: Base on Balls
Batting: LHB Arturo Acevedo 0-0: Foul Ball, location: 2F
0-1: Ball
1-1: Ball
2-1: Foul Ball, location: 2F
2-2: Foul Ball, location: 2F
2-2: Foul Ball, location: 2F
2-2: Ball
3-2: SINGLE (Flyball, 8LS)
Daniel Faraday to second
Batting: LHB Ray Anderson 0-0: Swinging Strike
0-1: Fielders Choice at 2nd, 4-6 (Groundball, 34)
Daniel Faraday to third
Batting: RHB Toussiant L'Ouverture 0-0: Ball
1-0: Called Strike
1-1: Called Strike
1-2: Ball
2-2: Ball
3-2: Foul Ball, location: 2F
3-2: SINGLE (Groundball, 3) (infield hit)
Daniel Faraday scores
Ray Anderson to second
Batting: RHB Carlos Cardona 0-0: Called Strike
0-1: Ball
1-1: Fly out, F9 (Flyball, 9)
Batting: LHB Keith Alexander 0-0: Swinging Strike
0-1: Swinging Strike
0-2: Foul Ball, location: 2F
0-2: Ball
1-2: Ball
2-2: Strikes out swinging
Bottom of the 6th over - 1 run, 2 hits, 0 errors, 2 left on base; Hialeah 5 - Bloomington 2
TOP OF THE 7TH
Hialeah Dodos batting - Pitching for Bloomington Longnecks : RHP Jorge Otero
Batting: LHB Raúl Aguirre 0-0: Called Strike
0-1: Fly out, F9 (Flyball, 9S)
Batting: LHB Errol Levick 0-0: Called Strike
0-1: Swinging Strike
0-2: Ground out 4-3 (Groundball, 4M)
Batting: SHB Javier Gonzáles 0-0: Ball
1-0: Swinging Strike
1-1: Ball
2-1: Ball
3-1: Swinging Strike
3-2: Base on Balls
Pitching: RHP Juan Ángel
Batting: RHB Aurelio Álvarez 0-0: Ball
1-0: Called Strike
Javier Gonzáles steals 2nd base
1-1: Swinging Strike
1-2: Foul Ball, location: 2F
1-2: Ball
2-2: Ball
3-2: Foul Ball, location: 2F
3-2: Base on Balls
Batting: RHB Reg Spiers 0-0: Ball
1-0: Foul Ball, location: 2F
1-1: Reached on error, E6 (Groundball, 6)
Javier Gonzáles to third
Aurelio Álvarez to second
Pinch Hitting: LHB Scott Janousek 0-0: Ball
1-0: SINGLE (Line Drive, 6) (infield hit)
Javier Gonzáles scores
Aurelio Álvarez to third
Reg Spiers to second
Batting: RHB Jack Head 0-0: Swinging Strike
0-1: Ball
1-1: Foul Ball, location: 2F
1-2: Fly out, F7 (Flyball, 7D)
Top of the 7th over - 1 run, 1 hit, 1 error, 3 left on base; Hialeah 6 - Bloomington 2
BOTTOM OF THE 7TH
Bloomington Longnecks batting - Pitching for Hialeah Dodos : LHP Gabriel Herrera
Now at 2B: Armando García
Batting: RHB Mark Smiley 0-0: Ball
1-0: Foul Ball, location: 2F
1-1: Ball
2-1: Called Strike
2-2: Ball
3-2: Foul Ball, location: 2F
3-2: Base on Balls
Pitching: RHP Kenshin Koike
Batting: RHB Nelson Jaramillo 0-0: Called Strike
0-1: Ball
1-1: Ball
2-1: Foul Ball, location: 2F
2-2: Foul Ball, location: 2F
2-2: Ball
3-2: Foul Ball, location: 2F
3-2: Strikes out looking
Batting: RHB Darrell Terwey 0-0: Called Strike
0-1: Called Strike
0-2: Fly out, F4 (Popup, 34)
Batting: LHB Daniel Faraday 0-0: Ball
1-0: Foul Ball, location: 2F
1-1: Called Strike
1-2: Foul Ball, location: 2F
1-2: Ball
2-2: Foul Ball, location: 2F
2-2: Ball
3-2: SINGLE (Line Drive, 89S)
Mark Smiley to second
Mark Smiley to third
Batting: LHB Arturo Acevedo 0-0: Ball
1-0: 3-RUN HOME RUN (Flyball, 9LD), Distance : 344 ft
Pitching: LHP Edgar Capello
Batting: LHB Ray Anderson 0-0: Ground out 4-3 (Groundball, 4S)
Bottom of the 7th over - 3 runs, 2 hits, 0 errors, 0 left on base; Hialeah 6 - Bloomington 5
TOP OF THE 8TH
Hialeah Dodos batting - Pitching for Bloomington Longnecks : RHP Juan Ángel
Batting: RHB Jorge Salgado 0-0: Ground out 6-3 (Groundball, 6S)
Batting: LHB Curt Wilson 0-0: Called Strike
0-1: Ball
1-1: Ball
2-1: Ball
3-1: Base on Balls
Batting: LHB Raúl Aguirre 0-0: Called Strike
0-1: Called Strike
0-2: Foul Ball, location: 2F
0-2: Strikes out looking
Batting: LHB Errol Levick 0-0: Called Strike
0-1: Swinging Strike
0-2: Ball
1-2: Ground out U3 (Groundball, 3S)
Top of the 8th over - 0 runs, 0 hits, 0 errors, 1 left on base; Hialeah 6 - Bloomington 5
BOTTOM OF THE 8TH
Bloomington Longnecks batting - Pitching for Hialeah Dodos : LHP Edgar Capello
Batting: RHB Toussiant L'Ouverture 0-0: Called Strike
0-1: Ball
1-1: Ball
2-1: Called Strike
2-2: Ball
3-2: Base on Balls
Pitching: RHP Bob Warford
Pinch Hitting: SHB Eddie Ménard 0-0: Ball
1-0: Foul Ball, location: 2F
1-1: Ball
2-1: Foul Ball, location: 2F
2-2: Ball
3-2: SINGLE (Flyball, 89M)
Toussiant L'Ouverture to second
Batting: LHB Keith Alexander 0-0: Ball
1-0: Sac Bunt - play at first, batter OUT! 1-4
Toussiant L'Ouverture to third
Eddie Ménard to second
Batting: RHB Mark Smiley 0-0: Called Strike
0-1: DOUBLE (Line Drive, 8LD)
Toussiant L'Ouverture scores
Eddie Ménard scores
Batting: RHB Nelson Jaramillo 0-0: Called Strike
0-1: Ball
1-1: Ball
2-1: Fly out, F7 (Flyball, 7D)
Batting: RHB Darrell Terwey 0-0: Ball
1-0: Called Strike
1-1: Swinging Strike
1-2: Ground out 6-3 (Groundball, 6)
Bottom of the 8th over - 2 runs, 2 hits, 0 errors, 1 left on base; Hialeah 6 - Bloomington 7
TOP OF THE 9TH
Hialeah Dodos batting - Pitching for Bloomington Longnecks : RHP Juan Ángel
Now at C: Roberto Alonzo
Now at 1B: Lee Charles
Batting: SHB Javier Gonzáles 0-0: Called Strike
0-1: Swinging Strike
0-2: Foul Ball, location: 2F
0-2: Ball
1-2: Foul Ball, location: 2F
1-2: SOLO HOME RUN (Flyball, 9LD), Distance : 334 ft
Batting: RHB Aurelio Álvarez 0-0: Ball
1-0: Called Strike
1-1: Ball
2-1: Ball
3-1: SINGLE (Groundball, 4MD)
Batting: RHB Reg Spiers 0-0: Ball
1-0: Sac Bunt - play at first, batter OUT! 1-3
Aurelio Álvarez to second
Batting: RHB Armando García 0-0: Intentional Walk
Batting: RHB Jack Head 0-0: Called Strike
0-1: Ball
1-1: Foul Ball, location: 2F
1-2: Fly out, F8 (Flyball, 8RM)
Runner from 2nd tags up, SAFE at 3rd with throw
Batting: RHB Jorge Salgado 0-0: Called Strike
0-1: Swinging Strike
0-2: Ball
1-2: Foul Ball, location: 2F
1-2: Strikes out looking
Top of the 9th over - 1 run, 2 hits, 0 errors, 2 left on base; Hialeah 7 - Bloomington 7
BOTTOM OF THE 9TH
Bloomington Longnecks batting - Pitching for Hialeah Dodos : RHP Bob Warford
Batting: LHB Daniel Faraday 0-0: Called Strike
0-1: Ball
1-1: Ball
2-1: Fly out, F8 (Flyball, 8LM)
Batting: LHB Arturo Acevedo 0-0: Swinging Strike
0-1: Ball
1-1: Ball
2-1: Ground out 5-3 (Groundball, 56S)
Batting: LHB Ray Anderson 0-0: Foul Ball, location: 2F
0-1: Ball
1-1: Fly out, F9 (Line Drive, 9)
Bottom of the 9th over - 0 runs, 0 hits, 0 errors, 0 left on base; Hialeah 7 - Bloomington 7
TOP OF THE 10TH
Hialeah Dodos batting - Pitching for Bloomington Longnecks : RHP Juan Ángel
Batting: LHB Curt Wilson 0-0: Called Strike
0-1: Ball
1-1: Foul Ball, location: 2F
1-2: Strikes out swinging
Batting: LHB Raúl Aguirre 0-0: Ball
1-0: Ground out 6-3 (Groundball, 56)
Batting: LHB Errol Levick 0-0: Ball
1-0: Foul Ball, location: 2F
1-1: Foul Ball, location: 2F
1-2: Strikes out swinging, 2-3 out at first.
Top of the 10th over - 0 runs, 0 hits, 0 errors, 0 left on base; Hialeah 7 - Bloomington 7
BOTTOM OF THE 10TH
Bloomington Longnecks batting - Pitching for Hialeah Dodos : RHP Bob Warford
Pitching: LHP Hank Downey
Batting: RHB Roberto Alonzo 0-0: Ball
1-0: Called Strike
1-1: Ground out 3-1 (Groundball, 34)
Batting: RHB Lee Charles 0-0: Fly out, F7 (Flyball, 7)
Pinch Hitting: RHB Willis Kirkendall 0-0: Foul Ball, location: 2F
0-1: Foul Ball, location: 2F
0-2: Foul Ball, location: 2F
0-2: Ball
1-2: Strikes out swinging
Bottom of the 10th over - 0 runs, 0 hits, 0 errors, 0 left on base; Hialeah 7 - Bloomington 7
TOP OF THE 11TH
Hialeah Dodos batting - Pitching for Bloomington Longnecks : RHP Juan Ángel
Now at 3B: Willis Kirkendall
Batting: SHB Javier Gonzáles 0-0: SINGLE (Line Drive, 4MD)
Pitching: RHP Vincente Ortíz
Batting: RHB Aurelio Álvarez 0-0: Bunted foul
0-1: Sac Bunt - play at first, batter OUT! 1-4
Javier Gonzáles to second
Batting: RHB Reg Spiers 0-0: Hit by Pitch
Batting: RHB Armando García 0-0: SINGLE (Line Drive, 8RS)
Javier Gonzáles to third
Reg Spiers to second
Batting: RHB Jack Head 0-0: Ball
1-0: Foul Ball, location: 2F
1-1: Ball
2-1: Swinging Strike
2-2: Ball
3-2: Strikes out swinging
Batting: RHB Jorge Salgado 0-0: Called Strike
0-1: Foul Ball, location: 2F
0-2: SINGLE (Flyball, 8RS)
Javier Gonzáles scores
Reg Spiers to third
Armando García to second
Runner from 3rd tries for Home, SAFE, no throw
Batting: LHB Curt Wilson 0-0: Ball
1-0: Ground out 4-3 (Groundball, 4)
Top of the 11th over - 2 runs, 3 hits, 0 errors, 2 left on base; Hialeah 9 - Bloomington 7
BOTTOM OF THE 11TH
Bloomington Longnecks batting - Pitching for Hialeah Dodos : LHP Hank Downey
Batting: RHB Mark Smiley 0-0: Ball
1-0: Fly out, F8 (Flyball, 8RM)
Batting: RHB Nelson Jaramillo 0-0: Ball
1-0: Swinging Strike
1-1: Called Strike
1-2: Foul Ball, location: 2F
1-2: Strikes out swinging
Batting: RHB Darrell Terwey 0-0: Swinging Strike
0-1: Ball
1-1: SINGLE (Line Drive, 56)
Batting: LHB Daniel Faraday 0-0: Ball
1-0: Ball
2-0: Ball
3-0: Called Strike
3-1: Fielders Choice at 2nd, 5-4 (Groundball, 56)
Bottom of the 11th over - 0 runs, 1 hit, 0 errors, 1 left on base; Hialeah 9 - Bloomington 7
Tuesday, December 19th, 2017 - OOTP Baseball 18.8 Build 76